cohdb
Replays
Latest Replays
All Replays
Popular Replays
Top Player Replays
Match Explorer
How It Works
Community
CoH3 Stats
Reddit
Sign in to upload your games and track your stats! →
Sign in with Steam
Match 32521022
Unlisted
Match 32521022
Overview
Messages
Build Orders
End
Construct Section Command Post
Dingo Light Scout Car
Infantry Section
Infantry Section
Infantry Section
Infantry Section
Construct Platoon Command Post
Selects Heavy Armor Battlegroup
Selects Rigorous Vehicle Training
Construct Company Command Post
Crusader II Medium Tank
Selects Crusader AA Medium Tank
Royal Engineer Section
Unlock Bishop Self-propelled Artillery
Bishop Self-propelled Artillery
Bishop Self-propelled Artillery
Royal Engineer Section
foot man
Escanor
jaws2005
Guardian
[EASY] CLUBs37
DebaKLe
NachoMz
Cpt Darling
0
0
Comments
sign in to comment!
No comments posted yet!